 Dungeon Crawl Stone Soup version 0.28-a0-1415-g7c84da036a (webtiles) character file.

Game seed: 5532273641884221290

3376 Shayle the Grappler (level 10, -10/88 HPs)
             Began as an Ogre Warper on Jan 8, 2022.
             Was an Initiate of Ru.
             Mangled by Maggie (14 damage)
             ... on level 8 of the Dungeon.
             The game lasted 00:35:07 (12952 turns).

Shayle the Grappler (Ogre Warper)                  Turns: 12952, Time: 00:35:08

Health: -10/88     AC:  8    Str: 17    XL:     10   Next: 3%
Magic:  3/13       EV: 10    Int: 14    God:    Ru [......]
Gold:   369        SH:  0    Dex: 12    Spells: 8/13 levels left

rFire   + . .      SeeInvis +   A - +7 flail of the Philosopher {flame, Will+}
rCold   + . .      Faith    .   (no shield)
rNeg    . . .      Spirit   .   a - +1 robe
rPois   +          Reflect  .   (helmet restricted)
rElec   +          Harm     .   (no cloak)
rCorr   +          Rampage  .   (gloves unavailable)
Will    ++...                   (boots unavailable)
Stlth   +.........              (no amulet)
HPRegen 0.24/turn               c - ring of see invisible
MPRegen 0.13/turn               h - +4 ring of protection

@: resistant, very slightly contaminated
A: large, unfitting armour, tough skin 1
a: Renounce Religion, Sacrifice Essence, Sacrifice a Hand, Sacrifice Courage,
Reject Sacrifices


You were on level 8 of the Dungeon.
You worshipped Ru.
Ru was noncommittal.
You visited 2 branches of the dungeon, and saw 9 of its levels.
You also visited: Sewer and Ossuary.

You collected 369 gold pieces.

Inventory:

Hand Weapons
 f - a +1 dagger of protection
 t - a +3 great sword
 u - a +4 hand axe
 A - the +7 flail of the Philosopher (weapon) {flame, Will+}
   (You found it on level 7 of the Dungeon)

   It burns those it strikes, dealing additional fire damage.
   Will:      It increases your willpower.
 B - a +2 dagger of venom
 C - a +1 mace of protection
Missiles
 l - 50 poisoned darts (quivered)
 r - a boomerang
Armour
 a - a +1 robe (worn)
 v - an orb of guile
Jewellery
 c - a ring of see invisible (left hand)
 d - a ring of positive energy
 h - a +4 ring of protection (right hand)
 i - a ring of willpower
Wands
 b - a wand of polymorph (4)
 D - a wand of flame (21)
Scrolls
 e - 5 scrolls of teleportation
 g - 2 scrolls of vulnerability
 n - a scroll of identify
 q - 3 scrolls of noise {unknown}
 w - a scroll of brand weapon {unknown}
 x - a scroll of blinking
 y - a scroll of fear {unknown}
 E - a scroll of fog
Potions
 j - a potion of heal wounds
 k - a potion of resistance
 m - 2 potions of cancellation
 o - 2 potions of curing
 p - 2 potions of mutation
 s - a potion of might {unknown}
 z - 2 potions of degeneration {unknown}
 F - 2 potions of magic {unknown}


   Skills:
 - Level 2.6 Fighting
 - Level 1.0 Throwing
 + Level 3.1 Dodging
 - Level 12.0 Unarmed Combat
 - Level 2.4 Spellcasting
 + Level 1.9 Conjurations
 - Level 2.6 Translocations
 + Level 2.0 Air Magic
 + Level 2.0 Poison Magic


You had 8 spell levels left.
You knew the following spells:

 Your Spells              Type           Power      Damage    Failure   Level
a - Blink                 Tloc           18%        N/A       12%         2
b - Mephitic Cloud        Conj/Pois/Air  7%         N/A       30%         3

Your spell library contained the following spells:

 Spells                   Type           Power      Damage    Failure   Level
 Apportation              Tloc           18%        N/A       8%          1
 Magic Dart               Conj           28%        1d4       11%         1
 Static Discharge         Conj/Air       7%         N/A       16%         2
 Animate Skeleton         Necr           2%         N/A       22%         1
 Summon Small Mammal      Summ           4%         N/A       22%         1
 Gell's Gravitas          Tloc           9%         N/A       22%         3
 Lesser Beckoning         Tloc           9%         N/A       22%         3
 Teleport Other           Tloc           9%         N/A       22%         3
 Swiftness                Air            7%         N/A       30%         3
 Call Imp                 Summ           1%         N/A       34%         2
 Passwall                 Tmut/Erth      0%         N/A       34%         2
 Sublimation of Blood     Necr           1%         N/A       34%         2
 Wereblood                Tmut           1%         N/A       34%         2
 Dazzling Flash           Conj/Hex       8%         N/A       43%         3
 Manifold Assault         Tloc           9%         N/A       91%         5
 Petrify                  Tmut/Erth      1%         N/A       92%         4
 Lightning Bolt           Conj/Air       3%         1d15      95%         5
 Agony                    Necr           1%         N/A       99%         5
 Metabolic Englaciation   Hex/Ice        0%         N/A       99%         5
 Silence                  Hex/Air        2%         N/A       99%         5
 Statue Form              Tmut/Erth      0%         N/A       100%        6
 Summon Hydra             Summ           0%         N/A       100%        7
 Maxwell's Capacitive Co  Air            3%         ∞         100%        8


Dungeon Overview and Level Annotations

Branches:
Dungeon (8/15)             Temple (1/1) D:7           Sewer (visited)
Ossuary (visited)
   Lair: D:8-11

Altars:
Cheibriados
Dithmenos
Fedhas
Gozag
Hepliaklqana
Kikubaaqudgha
Makhleb
Ru
Uskayaw
Vehumet
Xom
Yredelemnul
Zin
The Shining One

Annotations:
D:3 Robin
D:8 Maggie


Innate Abilities, Weirdness & Mutations

You are too large for most types of armour.
You have tough skin. (AC +1)


Message History

The ball of steam hits the kobold!
The kobold dies!
The ball of steam hits the kobold!
The kobold dies!
The ball of steam hits you!
* * * LOW HITPOINT WARNING * * *
Maggie hits you with a +2 broad axe of flaming.
* * * LOW HITPOINT WARNING * * *
Maggie burns you.
* * * LOW HITPOINT WARNING * * *
You feel much better.
Something hits the kobold brigand.
The kobold brigand is engulfed in a cloud of scalding steam.
Maggie hits you but does no damage.
You feel protected.
Something barely misses the kobold brigand.
A kobold comes into view. It is wielding a +0 short sword.
The kobold brigand hits you with a +0 short sword.
Maggie hits you with a +2 broad axe of flaming!
Maggie burns you.
Casting: Mephitic Cloud (dangerous; 30% risk of failure)
Confirm with . or Enter, or press ? or * to list all spells.
Aiming: Mephitic Cloud (dangerous; 30% risk of failure)
Press: ? - help, Shift-Dir - straight line The ball explodes into a vile cloud!
The stinking cloud engulfs Maggie but does no damage.
Maggie is severely wounded.
You hear a loud, deep croak!
Something hits the kobold brigand!
The kobold brigand closely misses you.
Maggie hits you with a +2 broad axe of flaming!
* * * LOW HITPOINT WARNING * * *
Maggie burns you.
* * * LOW HITPOINT WARNING * * *
You hear a shout!
Unknown command.
You closely miss Maggie.
Maggie is severely wounded.
The kobold brigand hits you with a +0 short sword!
* * * LOW HITPOINT WARNING * * *
Maggie hits you with a +2 broad axe of flaming!
You die...

#.# ..... #.# ...##
#.# ##...## #.###
##.....## #.#.##
##.......##
#....####>........#
#.......'....○°○..+
.....####....○☼○..#
.##.## ##....D@@##
#.#.# ##..)§K##
##..# ##..)Ke#
#.####### ###§###
......... ....
.##.#.#.# #.#.#
..#... (. .)
..##### ########
### .##.# #.....#
#.#


You could see Maggie, a steam dragon, a kobold brigand and a kobold.

Vanquished Creatures
  A hornet (D:8)
  Prince Ribbit (D:7)
  A steam dragon (D:7)
  2 water moccasins
  2 orc warriors
  2 ice beasts
  A black bear (D:6)
  A necrophage (D:7)
  An ogre (D:6)
  2 centaurs
  A phantom (D:4)
  A kobold brigand (Sewer)
  5 bullfrogs
  A wyvern zombie (D:7)
  5 scorpions
  3 wights
  A centaur zombie (D:5)
  An orc priest (D:4)
  2 jellies
  2 centaur skeletons
  A bullfrog skeleton (D:7)
  A gnoll shaman (D:5)
  A hound (D:6)
  4 iguanas
  Jessica (D:3)
  4 orc wizards
  A killer bee zombie (D:8)
  A mummy (Ossuary)
  3 gnolls (D:5)
  A howler monkey skeleton (D:5)
  A river rat (D:5)
  10 adders
  2 shadow imps
  A white imp (D:5)
  An ufetubus (D:4)
  3 worms
  4 dart slugs
  18 orcs
  2 spectral bats (Ossuary)
  10 ball pythons
  6 endoplasms
  5 giant cockroaches
  12 gnoll zombies (Ossuary)
  10 goblins
  12 hobgoblins
  6 quokkas
  5 bats
  4 frilled lizards
  3 goblin simulacra (Ossuary)
  3 goblin zombies (Ossuary)
  5 hobgoblin zombies (Ossuary)
  13 kobolds
  5 kobold simulacra (Ossuary)
  4 kobold zombies (Ossuary)
  6 orc zombies (Ossuary)
  11 rats
  4 rat simulacra (Ossuary)
  4 spectral goblins (Ossuary)
  5 spectral kobolds (Ossuary)
  3 spectral rats (Ossuary)
232 creatures vanquished.

Vanquished Creatures (others)
  3 kobolds (D:8)
3 creatures vanquished.

Grand Total: 235 creatures vanquished

Notes
Turn   | Place    | Note
-------+----------+-------------------------------------------
     0 | D:1      | Shayle the Ogre Warper began the quest for the Orb.
     0 | D:1      | Reached XP level 1. HP: 22/22 MP: 3/3
     6 | D:1      | Noticed a water moccasin
     6 | D:1      | Noticed a swamp drake
     6 | D:1      | Noticed a redback
     7 | D:1      | Noticed a hound
     7 | D:1      | Noticed a swamp worm
   284 | D:1      | Reached skill level 2 in Unarmed Combat
   544 | D:1      | Reached XP level 2. HP: 21/29 MP: 5/5
   873 | D:1      | Reached skill level 3 in Unarmed Combat
   908 | D:1      | Reached XP level 3. HP: 32/36 MP: 6/6
  1213 | D:1      | You fall into a shaft and drop 1 floor!
  1213 | D:2      | Found an opulent altar of Gozag.
  1654 | D:2      | Found a faded altar of an unknown god.
  1738 | D:2      | Noticed a scorpion
  2234 | D:2      | Reached XP level 4. HP: 37/44 MP: 7/7
  2612 | D:3      | Noticed Robin
  2630 | D:4      | Found a burning altar of Makhleb.
  2748 | D:3      | Reached skill level 4 in Unarmed Combat
  3022 | D:3      | Noticed Jessica
  3137 | D:3      | Killed Jessica
  3138 | D:3      | Reached XP level 5. HP: 29/50 MP: 8/8
  3744 | D:4      | Noticed an orc warrior
  4099 | D:4      | Reached skill level 5 in Unarmed Combat
  4270 | D:5      | Entered Level 5 of the Dungeon
  4322 | D:5      | Noticed a water moccasin
  4469 | D:5      | Reached XP level 6. HP: 48/59 MP: 9/9
  4600 | D:5      | Found a glowing drain.
  4614 | Sewer    | Entered a sewer
  4984 | Sewer    | Reached skill level 6 in Unarmed Combat
  5425 | D:5      | Noticed an ice beast
  5433 | D:5      | Killed an ice beast
  5434 | D:5      | Reached XP level 7. HP: 66/66 MP: 10/10
  5591 | D:5      | Found a hide-covered altar of Uskayaw.
  5639 | D:5      | Found a hazy altar of Hepliaklqana.
  5815 | D:5      | Reached skill level 7 in Unarmed Combat
  6035 | D:5      | Found an ancient bone altar of Kikubaaqudgha.
  6299 | D:6      | Reached skill level 8 in Unarmed Combat
  6344 | D:6      | Reached XP level 8. HP: 67/74 MP: 11/11
  7077 | D:6      | Reached skill level 9 in Unarmed Combat
  8096 | D:5      | Reached skill level 10 in Unarmed Combat
  8442 | D:7      | Reached XP level 9. HP: 79/80 MP: 12/12
  8474 | D:7      | Found a staircase to the Ecumenical Temple.
  8501 | Temple   | Entered the Ecumenical Temple
  8520 | Temple   | Became a worshipper of Ru the Awakened
  8637 | D:7      | Found a sand-covered staircase.
  8641 | Ossuary  | Entered an ossuary
  9430 | D:7      | Identified the +7 flail of the Philosopher {flame, Will+}
  9566 | D:7      | Found a glowing golden altar of the Shining One.
  9910 | D:7      | Noticed Prince Ribbit
  9917 | D:7      | Killed Prince Ribbit
  9918 | D:7      | Reached skill level 11 in Unarmed Combat
 10170 | D:7      | Found a glowing silver altar of Zin.
 11601 | D:8      | Reached skill level 12 in Unarmed Combat
 11616 | D:8      | Learned a level 2 spell: Blink
 11620 | D:8      | Learned a level 3 spell: Mephitic Cloud
 12020 | D:7      | Reached skill level 1 in Conjurations
 12020 | D:7      | Reached skill level 1 in Air Magic
 12020 | D:7      | Reached skill level 1 in Poison Magic
 12590 | D:8      | Noticed a hornet
 12621 | D:8      | Killed a hornet
 12622 | D:8      | Reached XP level 10. HP: 29/88 MP: 13/13
 12703 | D:8      | Noticed Maggie
 12938 | D:8      | Noticed a deep elf pyromancer
 12952 | D:8      | HP: 4/88 [kobold brigand (7)]
 12952 | D:8      | Mangled by Maggie

Illustrated notes

Levels and vault maps discovered:
D:1:      onia_arrival_zoo_common, layout_basic, minmay_vboxes
D:2:      layout_basic, basic_altar, hellmonk_ecumenical_altar_blasted
D:3:      layout_loops_ring, minmay_box_of_dots, uniq_robin, uniq_jessica
D:4:      minmay_wonky_spiral, layout_basic, mainiacjoe_overflow_catwalk
D:5:      layout_basic, eat_drink_and_be_merry_uskayaw,
          mainiacjoe_overflow_large_starburst, lightli_sewer_entry_pipes
D:6:      layout_basic
D:7:      layout_loops_corners, tso_oasis_becter, marbit_many_paths,
          minmay_temple_entry_junction, nicolae_ossuary_entry_false_entrances,
          uniq_prince_ribbit1
D:8:      layout_loops_corners, minmay_misc_feat_diagonals,
          hangedman_minor_gate_pass, uniq_maggie
Temple:   nicolae_temple_god_jail

Skill      XL: |  1  2  3  4  5  6  7  8  9 10 |
---------------+-------------------------------+-----
Unarmed Combat | 2 3 4 5 6 8 10 12 | 12.0
Conjurations   | 1 |  1.9
Air Magic      | 1 2 |  2.0
Poison Magic   | 1 2 |  2.0
Dodging        | 3 |  3.1
Fighting       | |  2.6
Throwing       | |  1.0
Spellcasting   | |  2.4
Translocations | |  2.6

Action                   |  1- 3 |  4- 6 |  7- 9 | 10-12 || total
-------------------------+-------+-------+-------+-------++-------
Melee: Unarmed           |   154 |   243 |   165 |       ||   562
       Punch             |     1 |     6 |    16 |       ||    23
       Great sword       |       |       |   130 |       ||   130
       Flail             |       |       |   139 |    15 ||   154
Throw: Boomerang         |     5 |       |     3 |       ||     8
       Dart              |       |       |    11 |       ||    11
 Cast: Mephitic Cloud    |       |       |       |     3 ||     3
Evoke: Wand              |       |     3 |       |       ||     3
  Use: Scroll            |     1 |     9 |     6 |       ||    16
       Potion            |       |     1 |     8 |     2 ||    11
 Stab: Paralysed         |       |     7 |       |       ||     7
       Sleeping          |       |     1 |     4 |       ||     5
Armor: Robe              |    46 |    55 |   173 |     2 ||   276
       Skin              |       |       |    21 |     8 ||    29
Dodge: Dodged            |    79 |    96 |   242 |     7 ||   424

Table legend: (Time is in decaauts)
 A = Elapsed time spent in this place.
 B = Non-inter-level travel time spent in this place.
 C = Inter-level travel time spent in this place.
 D = Time resting spent in this place.
 E = Time spent auto-exploring this place.
 F = Levels seen in this place.
 G = Mean time per level.
                   A        B        C        D        E       F      G
               +--------+--------+--------+--------+--------+-----+--------+
         Total |  13180 |  12648 |    532 |   4452 |   4595 |  11 | 1198.2 |
       Dungeon |  11500 |  10968 |    532 |   3775 |   4364 |   8 | 1437.5 |
        Temple |     34 |     34 |      0 |      0 |      0 |   1 |   34.0 |
         Sewer |    852 |    852 |      0 |    377 |    191 |   1 |  852.0 |
       Ossuary |    792 |    792 |      0 |    300 |     40 |   1 |  792.0 |
               +--------+--------+--------+--------+--------+-----+--------+

Top non-repeatable levels by time:
     D:7: 1944 daAuts
     D:5: 1840 daAuts
     D:4: 1633 daAuts
     D:6: 1600 daAuts
     D:1: 1492 daAuts
     D:8: 1147 daAuts
     D:2: 1139 daAuts
   Sewer: 852 daAuts
 Ossuary: 792 daAuts
     D:3: 703 daAuts
  Temple: 34 daAuts
